Map: Pilares de oro EE

Players

Marshin

  • Race: Zerg Zerg
  • League: Gold
  • Spawn Location: 1:00

MrFercho - Winner!

  • Race: Zerg Zerg
  • League: Gold
  • Spawn Location: 7:00

VOD

Have the link to the VOD?

Description

Time

  • Played on: July 22, 2020, 6:30 p.m.
  • Length: 4:39
Show
View Real Time Build Order
Export as new Build Order

Marshin Zerg 

Build Orders: Hatch First 

Get SALT Encoding   

  12  0:01  Drone  
  13  0:12  Overlord  
  13  0:18  Drone  
  14  0:33  Drone x2  
  14  0:35  Drone  
  17  0:56  Hatchery  
  16  0:58  Drone  
  16  1:01  Extractor  
  16  1:03  Drone  
  17  1:21  Spawning Pool, Drone  
  17  1:26  Drone  
  17  1:28  Drone  
  19  1:39  Overlord  
  19  2:08  Queen  
  21  2:09  Zergling x6  
  21  2:10  Queen  
  21  2:12  Zergling x2  
  27  2:18  Metabolic Boost  
  27  2:24  Drone  
  27  2:25  Drone  
  29  2:54  Queen  
  29  2:55  Queen  
  33  2:59  Drone x2  
  33  3:00  Overlord  
  35  3:14  Overlord  
  35  3:15  Overlord  
  35  3:21  Drone  
  36  3:30  Overlord  
  36  3:51  Drone x2  
  36  3:52  Drone x2  
  40  4:04  Drone x2  
  42  4:12  Evolution Chamber  
  42  4:15  Evolution Chamber  
  40  4:19  Roach Warren  
Show
View Real Time Build Order
Export as new Build Order

MrFercho Zerg - Winner!

Build Orders: Hatch First 

Get SALT Encoding   

  12  0:01  Drone  
  13  0:13  Overlord  
  13  0:18  Drone  
  14  0:32  Drone x2  
  16  0:36  Drone  
  17  0:56  Hatchery  
  16  0:58  Drone  
  16  1:01  Drone  
  18  1:12  Extractor  
  18  1:17  Spawning Pool  
  16  1:20  Drone  
  17  1:29  Drone x2  
  19  1:41  Overlord  
  19  1:54  Drone  
  20  2:02  Drone  
  20  2:06  Queen  
  20  2:08  Queen  
  25  2:11  Zergling x2  
  25  2:14  Metabolic Boost  
  26  2:17  Zergling x2  
  27  2:24  Drone x2  
  29  2:34  Zergling x2  
  29  2:35  Zergling x2  
  31  2:51  Spine Crawler  
  31  2:58  Roach Warren  
  29  3:01  Drone  
  29  3:02  Zergling x4  
  32  3:18  Drone x4  
  36  3:35  Overlord x2  
  36  4:07  Zergling x10, Evolution Chamber  
  40  4:18  Drone x5  
  40  4:19  Drone  
Tags
 
League
GoldGold
Matchup
ZvZ
Race
Zerg
Replay Pack
MrFercho
Spawn Locations
Cross Positions
Add a new tag
Caveats
  • Supply blocks, unpowered buildings, or Contaminate may cause inaccurate times.
  • Supply counts are checked every 10 seconds.